 Dungeon Crawl Stone Soup version 0.26-a0-665-gefeb406119 (webtiles) character file.

Game seed: 940633408155954227

(classic levelgen) 145 EnegeticOcto the Skirmisher (level 5, -6/43 HPs)
             Began as a Formicid Wanderer on Oct 15, 2020.
             Killed by divine providence
             ... invoked by an orc priest
              (14 damage)
             ... on level 3 of the Dungeon.
             The game lasted 00:05:12 (2472 turns).

EnegeticOcto the Skirmisher (Formicid Wanderer)     Turns: 2472, Time: 00:05:13

Health: -6/43      AC: 11    Str: 15    XL:     5   Next: 53%
Magic:  5/5        EV: 10    Int: 12    God:
Gold:   52         SH:  0    Dex: 12    Spells: 4/4 levels left

rFire    . . .     SeeInvis +   p - +0 mace
rCold    . . .     Faith    .   (no shield)
rNeg     . . .     Spirit   .   b - +2 scale mail
rPois    .         Reflect  .   (helmet unavailable)
rElec    .         Harm     .   a - +0 cloak
rCorr    .         Rampage  .   z - +0 pair of gloves
MR       .....                  (no boots)
Stlth    ..........             (no amulet)
HPRegen  0.14/turn              (no ring)
MPRegen  0.09/turn              (no ring)

@: flying
A: permanent stasis, dig shafts and tunnels, four strong arms, antennae 3
a: Dig, Shaft Self


You were on level 3 of the Dungeon.
You visited 1 branch of the dungeon, and saw 3 of its levels.

You collected 52 gold pieces.

Inventory:

Hand Weapons
 e - a +0 hunting sling of flaming
 p - a +0 mace (weapon)
Missiles
 k - 85 stones
 l - 36 bolts
 s - 3 poisoned darts (quivered)
Armour
 a - a +0 cloak (worn)
 b - a +2 scale mail (worn)
 z - a +0 pair of gloves (worn)
Jewellery
 d - an uncursed amulet of reflection {unknown}
 i - an uncursed ring of ice {unknown}
 y - an uncursed amulet of faith {unknown}
Scrolls
 f - a scroll of enchant armour {unknown}
 g - a scroll of random uselessness {unknown}
 h - a scroll of immolation {unknown}
 j - 2 scrolls of amnesia {unknown}
 m - a scroll of blinking {unknown}
 n - 3 scrolls of remove curse {unknown}
 o - a scroll of magic mapping {unknown}
 q - 3 scrolls of identify {unknown}
 r - 2 scrolls of enchant weapon {unknown}
 t - 2 scrolls of fog {unknown}
 u - 2 scrolls of teleportation {unknown}


   Skills:
 + Level 4.6 Fighting
 + Level 2.0 Maces & Flails
   Level 2.0 Polearms
 - Level 3.2 Armour
 - Level 1.7 Dodging
 - Level 1.2 Stealth
   Level 2.4 Shields


You had 4 spell levels left.
You didn't know any spells.
Your spell library was empty.

Dungeon Overview and Level Annotations

Branches:
Dungeon (3/15)

Altars:
Ashenzari


Innate Abilities, Weirdness & Mutations

You cannot be hasted, slowed, berserked, paralysed or teleported.
You can dig through walls and to a lower floor.
Your four strong arms can wield two-handed weapons with a shield.
You have a pair of large antennae on your head. (SInv)


Message History

You hit the orc priest but do no damage.
The orc priest is moderately wounded.
The orc priest hits you but does no damage.
The orc misses you.
The orc priest hits you with a +0 hand axe.
You hit the orc priest but do no damage.
The orc priest is moderately wounded.
The orc barely misses you. The orc priest barely misses you.
You closely miss the orc priest.
The orc priest is moderately wounded.
The orc hits you but does no damage. The orc priest closely misses you.
The orc barely misses you.
You barely miss the orc priest.
The orc priest is moderately wounded.
The orc priest hits you but does no damage.
The orc closely misses you.
You hit the orc priest but do no damage.
The orc priest is moderately wounded.
The orc priest hits you with a +0 hand axe!
The orc barely misses you.
It was a potion of magic.
Magic courses through your body.
The orc priest hits you but does no damage.
The orc completely misses you.
It was a potion of flight.
You feel very buoyant.
You fly up into the air.
The orc hits you but does no damage.
The orc priest hits you but does no damage.
It was a potion of heal wounds.
You feel much better. The orc barely misses you.
The orc priest hits you but does no damage.
You barely miss the orc priest.
The orc priest is moderately wounded.
The orc hits you but does no damage.
The orc priest hits you but does no damage.
The orc closely misses you.
You closely miss the orc priest.
The orc priest is moderately wounded.
The orc priest hits you but does no damage.
The orc hits you but does no damage.
Your scale mail prevents you from hitting the orc priest.
The orc priest is moderately wounded.
The orc priest hits you but does no damage.
The orc hits you but does no damage.
The orc priest hits you but does no damage.
You hit the orc priest.
The orc priest is moderately wounded.
The orc hits you but does no damage.
The orc priest hits you but does no damage.
You hit the orc priest but do no damage.
The orc priest is moderately wounded.
The orc hits you but does no damage.
The orc priest hits you but does no damage.
The orc hits you but does no damage.
Throwing (i - inventory. (/) - cycle)
s - 7 poisoned darts (quivered)
Press: ? - help, Shift-Dir - straight line, f - orc priest
Aim: an orc priest, wielding a +0 hand axe and wearing a +0 ring mail (moderately wounded)
You throw a poisoned dart. The poisoned dart hits the orc priest.
The orc priest is poisoned.
The orc priest is moderately wounded.
The orc priest hits you with a +0 hand axe.
The orc hits you but does no damage.
Throwing (i - inventory. (/) - cycle)
s - 6 poisoned darts (quivered)
Press: ? - help, Shift-Dir - straight line, f/p - orc priest
Aim: an orc priest, wielding a +0 hand axe and wearing a +0 ring mail (heavily wounded, poisoned)
You throw a poisoned dart.
The poisoned dart barely misses the orc priest.
The orc priest hits you but does no damage.
The orc hits you but does no damage.
Throwing (i - inventory. (/) - cycle)
s - 5 poisoned darts (quivered)
Press: ? - help, Shift-Dir - straight line, f/p - orc priest
Aim: an orc priest, wielding a +0 hand axe and wearing a +0 ring mail (heavily wounded, poisoned)
You throw a poisoned dart.
The poisoned dart barely misses the orc priest.
The orc barely misses you.
The orc priest invokes the aid of Beogh against you.
Beogh smites you!
Throwing (i - inventory. (/) - cycle)
s - 4 poisoned darts (quivered)
Press: ? - help, Shift-Dir - straight line, f/p - orc priest
Aim: an orc priest, wielding a +0 hand axe and wearing a +0 ring mail (heavily wounded, poisoned)
You throw a poisoned dart. The poisoned dart hits the orc priest.
The orc priest looks even sicker.
The orc priest is heavily wounded.
The orc hits you but does no damage. The orc priest closely misses you.
You barely miss the orc priest.
The orc priest is heavily wounded.
The orc hits you with a +0 short sword.
The orc priest calls down the wrath of Beogh upon you.
Pain shoots through your body!
* * * LOW HITPOINT WARNING * * *
You hit the orc priest but do no damage.
The orc priest is heavily wounded.
The orc hits you but does no damage.
The orc priest hits you with a +0 hand axe.
* * * LOW HITPOINT WARNING * * *
You hit the orc priest but do no damage.
The orc priest is severely wounded.
The orc hits you but does no damage.
The orc priest mumbles some strange prayers to Beogh against you.
Beogh smites you!
You die...

### #.. #.# #.#
#.######)#
(.....o@o# ####
########.#####.....
#.).....# ####..#.#
#..# #.!# #..# #..#
#..#


You could see an orc priest (poisoned) and an orc.

Vanquished Creatures
  A centaur zombie (D:2)
  3 gnolls (D:2)
  An ooze (D:1)
  2 worms
  3 dart slugs (D:1)
  3 leopard geckos
  2 orcs
  10 bats
  10 giant cockroaches
  5 goblins
  5 hobgoblins
  4 jackals (D:1)
  6 kobolds
  3 frilled lizards
  4 rats (D:1)
62 creatures vanquished.

Notes
Turn   | Place    | Note
-------+----------+-------------------------------------------
     0 | D:1      | EnegeticOcto the Formicid Wanderer began the quest for the
                  | Orb.
     0 | D:1      | EnegeticOcto set off with the following items: a +0 short
                  | sword, a +2 scale mail, a potion of curing {@q1 !q}
     0 | D:1      | Reached XP level 1. HP: 13/13 MP: 1/1
   102 | D:1      | Reached skill level 1 in Fighting
   207 | D:1      | Reached XP level 2. HP: 19/21 MP: 2/2
   231 | D:1      | Reached skill level 2 in Fighting
   350 | D:1      | Reached XP level 3. HP: 27/28 MP: 3/3
   436 | D:1      | Reached skill level 3 in Fighting
   788 | D:1      | Reached XP level 4. HP: 36/36 MP: 4/4
  1162 | D:2      | Found a faded altar of an unknown god.
  1362 | D:2      | Reached skill level 4 in Fighting
  1372 | D:2      | Reached skill level 1 in Maces & Flails
  1660 | D:2      | Reached XP level 5. HP: 17/43 MP: 5/5
  2078 | D:2      | Found a broken altar of Ashenzari.
  2148 | D:3      | Reached skill level 2 in Maces & Flails
  2472 | D:3      | Killed from afar by an orc priest

Illustrated notes

Levels and vault maps discovered:
D:1:      elethiomel_arrival_maze, layout_loops_ring
D:2:      layout_rooms, lemuel_round_altar,
          chequers_ecumenical_altar_simple_redux
D:3:      layout_loops_ring, old_standard_altar, minmay_cut_off

Skill      XL: |  1  2  3  4  5 |
---------------+----------------+-----
Fighting       | 1 2 3 4 |  4.6
Maces & Flails | 1 2 |  2.0
Polearms       | |  2.0
Armour         | |  3.2
Dodging        | |  1.7
Stealth        | |  1.2
Shields        | |  2.4

Action                   |  1- 3 |  4- 6 || total
-------------------------+-------+-------++-------
Melee: Short sword       |   116 |       ||   116
       Mace              |       |   162 ||   162
Throw: Dart              |       |     4 ||     4
 Abil: Dig               |       |     1 ||     1
  Use: Potion            |       |     4 ||     4
Armor: Scale mail        |    71 |   131 ||   202
Dodge: Dodged            |    62 |   135 ||   197

Table legend: (Time is in decaauts)
 A = Elapsed time spent in this place.
 B = Non-inter-level travel time spent in this place.
 C = Inter-level travel time spent in this place.
 D = Time resting spent in this place.
 E = Time spent auto-exploring this place.
 F = Levels seen in this place.
 G = Mean time per level.
                   A        B        C        D        E       F      G
               +--------+--------+--------+--------+--------+-----+--------+
         Total |   2546 |   2454 |     92 |    381 |   1343 |   3 |  848.7 |
       Dungeon |   2546 |   2454 |     92 |    381 |   1343 |   3 |  848.7 |
               +--------+--------+--------+--------+--------+-----+--------+

Top non-repeatable levels by time:
     D:1: 1298 daAuts
     D:2: 1161 daAuts
     D:3: 86 daAuts
